 Dungeon Crawl Stone Soup version 0.28-a0-556-gab23d0e057 (webtiles) character file.

Game seed: 2068696282257942999

2268 miscthings the Basher (level 9, -1/74 (75) HPs)
             Began as a Naga Fighter on Sept 29, 2021.
             Was a Believer of Okawaru.
             Slain by a wight (13 damage)
             ... on level 7 of the Dungeon.
             The game lasted 00:17:27 (7298 turns).

miscthings the Basher (Naga Fighter)                Turns: 7298, Time: 00:17:28

HP:   -1/74 (75)    AC:  7    Str: 20    XL:     9   Next: 38%
MP:   9/9           EV:  9    Int:  9    God:    Okawaru [**....]
Gold: 333           SH:  4    Dex: 12    Spells: 8/8 levels left

rFire   . . .      SeeInvis +   o - +0 mace
rCold   . . .      Faith    .   c - +0 buckler
rNeg    . . .      Spirit   .   u - +0 steam dragon scales
rPois   +          Reflect  .   h - +0 hat
rElec   .          Harm     .   (no cloak)
rCorr   .          Rampage  .   b - +0 pair of gloves
Will    +....                   (no barding)
Stlth   +.........              i - amulet of the acrobat
HPRegen 0.22/turn               (no ring)
MPRegen 0.11/turn               (no ring)

@: short of breath, very slightly contaminated, lightly drained, invisible, very
slow
A: AC +3, large, see invisible, deformed body, poison resistance, slowness 2,
spit poison 1, naga tail 1
a: Spit Poison, Renounce Religion, Heroism


You were on level 7 of the Dungeon.
You worshipped Okawaru.
Okawaru was pleased with you.
You visited 1 branch of the dungeon, and saw 7 of its levels.
You also visited: Sewer.

You collected 333 gold pieces.

Inventory:

Hand Weapons
 a - a +0 flail
 o - a +0 mace (weapon)
Missiles
 j - 6 boomerangs of dispersal
 r - 39 poisoned darts
Armour
 b - a +0 pair of gloves (worn)
 c - a +0 buckler (worn)
 h - a +0 hat (worn)
 u - +0 steam dragon scales (worn)
Jewellery
 i - an amulet of the acrobat (around neck)
 p - a ring of ice
Scrolls
 e - a scroll of fog {unknown}
 f - a scroll of acquirement {unknown}
 k - 2 scrolls of teleportation
 n - a scroll of noise {unknown}
 q - a scroll of summoning {unknown}
 s - a scroll of fear
 t - a scroll of identify {@r1}
Potions
 d - a potion of might
 g - a potion of invisibility
 l - 2 potions of curing
 m - 3 potions of flight
 v - a potion of resistance {unknown}


   Skills:
 - Level 3.0 Fighting
 + Level 12.3 Maces & Flails
 - Level 2.4 Armour
 - Level 2.4 Shields


You had 8 spell levels left.
You didn't know any spells.
Your spell library contained the following spells:

 Spells                   Type           Power      Damage    Failure   Level
 Foxfire                  Conj/Fire      0%         2x1d4     38%         1
 Sandblast                Erth           0%         2d4       38%         1
 Passwall                 Tmut/Erth      0%         N/A       52%         2
 Conjure Flame            Conj/Fire      0%         6-21      77%         3
 Inner Flame              Hex/Fire       0%         N/A       77%         3
 Stone Arrow              Conj/Erth      0%         3d7       77%         3
 Flame Wave               Conj/Fire      0%         3d3       99%         4


Dungeon Overview and Level Annotations

Branches:
Dungeon (7/15)             Temple (0/1) D:7           Sewer (visited)

Altars:
Ashenzari
Dithmenos
Kikubaaqudgha
Okawaru
Qazlal
Ru
Uskayaw
Xom


Innate Abilities, Weirdness & Mutations

Your serpentine skin is tough. (AC +3)
You have supernaturally acute eyesight. (SInv)
Armour fits poorly on your strangely shaped body.
Your system is resistant to poisons. (rPois)
You cover ground very slowly.
You can spit poison.
You have a snake-like lower body.


Message History

You feel better.
The wight hits you with a +3 short sword.
* * * LOW HITPOINT WARNING * * *
You closely miss the wight.
The wight is lightly damaged.
The wight completely misses you.
You strike the helpless wight from behind!
You hit the wight.
The wight is moderately damaged.
The wight closely misses you.
You hit the wight.
The wight is heavily damaged.
The wight hits you with a +3 short sword!
* * * LOW HITPOINT WARNING * * *
You sock the wight!
You destroy the wight!
Okawaru accepts your kill.
You barely miss the orc. The orc barely misses you.
You barely miss the orc. You hit the orc.
The orc is severely wounded.
The orc barely misses you.
You sock the orc!
You kill the orc!
Okawaru accepts your kill.
You strike the helpless wight from behind!
You hit the wight but do no damage. You barely miss the wight.
The wight hits you with a +3 morningstar.
* * * LOW HITPOINT WARNING * * *
You catch the helpless wight completely off-guard!
You hit the wight but do no damage.
Abil: Spit Poison
Press: ? - help, Q - select action, (/) - cycle Shift-Dir - straight line, f - wight
Aim: a wight, wielding a +3 morningstar and wearing a +0 robe The splash of poison hits the wight.
The wight completely resists.
You hit the wight.
The wight is lightly damaged.
The wight hits you with a +3 morningstar!
You die...

#.# #.# #.# #.#
#.#############
#.#
#...)..z)oz.z.#
#.#
#############o#
#.# #z# #.# #.#
#.# #)#####.##
#..z@....#
##########


You could see a wight.

Vanquished Creatures
  2 steam dragons
  Menkaure (D:5)
  Duvessa (D:5)
  An orc warrior (D:5)
  A sky beast (D:7)
  An ice beast (D:5)
  An ogre (D:6)
  2 phantoms
  A kobold brigand (D:4)
  3 bullfrogs
  A gnoll sergeant (D:7)
  A wyvern skeleton (D:7)
  A scorpion (D:5)
  Dowan (D:5)
  A water moccasin skeleton (D:5)
  2 vampire bats (D:6)
  A wight (D:7)
  5 hounds
  A centaur zombie (D:7)
  A centaur skeleton (D:4)
  2 orc priests
  A bullfrog skeleton (D:6)
  An orc wizard (D:6)
  A howler monkey skeleton (D:5)
  A gnoll (D:4)
  14 adders
  2 river rats (D:6)
  A white imp (D:6)
  An ufetubus (D:5)
  An adder skeleton (D:4)
  2 worms
  3 dart slugs
  19 orcs
  7 bats
  3 bat skeletons (D:6)
  4 bat zombies (D:6)
  4 endoplasms
  5 giant cockroaches
  5 goblins
  5 hobgoblins
  8 jackals
  6 kobolds
  5 quokkas
  8 ball pythons
  9 frilled lizards
  7 rats
154 creatures vanquished.

Vanquished Creatures (others)
  A shadow imp (D:7)
1 creature vanquished.

Grand Total: 155 creatures vanquished

Notes
Turn   | Place    | Note
-------+----------+-------------------------------------------
     0 | D:1      | miscthings the Naga Fighter began the quest for the Orb.
     0 | D:1      | Reached XP level 1. HP: 21/21 MP: 1/1
   126 | D:1      | Reached XP level 2. HP: 28/28 MP: 2/2
   128 | D:1      | Found a faded altar of an unknown god.
   159 | D:1      | Reached skill level 3 in Maces & Flails
   437 | D:2      | Reached XP level 3. HP: 30/34 MP: 3/3
   641 | D:2      | Reached skill level 4 in Maces & Flails
   763 | D:2      | Reached XP level 4. HP: 24/42 MP: 4/4
  1544 | D:3      | Reached skill level 5 in Maces & Flails
  1544 | D:3      | Reached XP level 5. HP: 49/49 MP: 5/5
  1632 | D:3      | Found a sacrificial altar of Ru.
  1757 | D:4      | Reached skill level 6 in Maces & Flails
  1757 | D:4      | Reached XP level 6. HP: 46/56 MP: 6/6
  2398 | D:4      | Reached skill level 7 in Maces & Flails
  2416 | D:4      | Reached XP level 7. HP: 39/62 MP: 7/7
  2437 | D:4      | Found an iron altar of Okawaru.
  2528 | D:4      | Became a worshipper of Warmaster Okawaru
  2825 | D:5      | Entered Level 5 of the Dungeon
  2826 | D:5      | Found a stormy altar of Qazlal.
  2995 | D:5      | Found a broken altar of Ashenzari.
  2997 | D:5      | Found a shimmering altar of Xom.
  2999 | D:5      | Found a hide-covered altar of Uskayaw.
  3361 | D:5      | Noticed Menkaure
  3729 | D:5      | Reached skill level 8 in Maces & Flails
  3859 | D:5      | Killed Menkaure
  3859 | D:5      | Reached * piety under Okawaru
  4177 | D:5      | Noticed Dowan
  4191 | D:5      | Killed Dowan
  4192 | D:5      | Reached skill level 9 in Maces & Flails
  4192 | D:5      | Reached XP level 8. HP: 60/69 MP: 8/8
  4192 | D:5      | Noticed Duvessa
  4211 | D:5      | Killed Duvessa
  5073 | D:6      | Reached skill level 10 in Maces & Flails
  5268 | D:6      | Found a glowing drain.
  5277 | Sewer    | Entered a sewer
  5928 | D:6      | Found a shadowy altar of Dithmenos.
  6190 | D:6      | Reached skill level 11 in Maces & Flails
  6232 | D:5      | HP: 1/69 [orc warrior (15)]
  6241 | D:5      | Reached ** piety under Okawaru
  6242 | D:5      | Reached XP level 9. HP: 27/75 MP: 9/9
  6622 | D:6      | Found an ancient bone altar of Kikubaaqudgha.
  6834 | D:7      | Found a staircase to the Ecumenical Temple.
  6987 | D:7      | Reached skill level 12 in Maces & Flails
  7298 | D:7      | Slain by a wight

Illustrated notes

Levels and vault maps discovered:
D:1:      lightli_arrival_boilingwater, layout_rooms,
          chequers_ecumenical_altar_island
D:2:      layout_basic
D:3:      layout_basic, mainiacjoe_overflow_alcove_2, minmay_crystal_room
D:4:      layout_basic, mainiacjoe_overflow_boulevard,
          minmay_misc_feat_ornament, eino_small_chamber_without_monster,
          hangedman_abyss_or_decor_lesser_grid, cheibrodos_gnoll_hut
D:5:      layout_basic, mainiacjoe_overflow_cross_hatched, minitemple,
          chequers_arboretum, uniq_duvessa, uniq_menkaure
D:6:      layout_gridville, grunt_dithmenos_shadows, kennysheep_vampire_church,
          portal_sewer_entry_b
D:7:      layout_basic, minmay_temple_entry_arrows, st_stairs_11

Skill      XL: |  1  2  3  4  5  6  7  8  9 |
---------------+----------------------------+-----
Maces & Flails | 3 4 5 6 7 9 11 12 | 12.3
Fighting       | |  3.0
Armour         | |  2.4
Shields        | |  2.4

Action                   |  1- 3 |  4- 6 |  7- 9 || total
-------------------------+-------+-------+-------++-------
Melee: Flail             |    66 |    52 |       ||   118
       Mace              |       |    73 |   340 ||   413
Throw: Dart              |       |       |     2 ||     2
 Abil: Spit Poison       |    28 |    33 |    84 ||   145
  Use: Scroll            |       |       |     8 ||     8
       Potion            |       |       |     4 ||     4
 Stab: Invisible         |       |       |     3 ||     3
Armor: Scale mail        |    44 |    41 |    38 ||   123
       Steam dragon scal |       |       |   101 ||   101
Dodge: Dodged            |    40 |    72 |   232 ||   344
Block: Buckler           |    21 |    24 |    88 ||   133

Table legend: (Time is in decaauts)
 A = Elapsed time spent in this place.
 B = Non-inter-level travel time spent in this place.
 C = Inter-level travel time spent in this place.
 D = Time resting spent in this place.
 E = Time spent auto-exploring this place.
 F = Levels seen in this place.
 G = Mean time per level.
                   A        B        C        D        E       F      G
               +--------+--------+--------+--------+--------+-----+--------+
         Total |   8990 |   8610 |    380 |   2375 |   4429 |   8 | 1123.8 |
       Dungeon |   8290 |   7910 |    380 |   2079 |   4259 |   7 | 1184.3 |
         Sewer |    700 |    700 |      0 |    296 |    169 |   1 |  700.0 |
               +--------+--------+--------+--------+--------+-----+--------+

Top non-repeatable levels by time:
     D:5: 2905 daAuts
     D:4: 1444 daAuts
     D:6: 1025 daAuts
     D:3: 898 daAuts
     D:2: 845 daAuts
   Sewer: 700 daAuts
     D:7: 641 daAuts
     D:1: 529 daAuts
